cohdb
Replays
Latest Replays
All Replays
Popular Replays
Top Player Replays
Match Explorer
How It Works
Community
CoH3 Stats
Reddit
Sign in to upload your games and track your stats! →
Sign in with Steam
Match 41212152
Unlisted
Match 41212152
Overview
Messages
Build Orders
End
Kradschützen Motorcycle Team
Panzergrenadier Squad
Panzergrenadier Squad
Construct Light Support Kompanie
Combat Half-tracks
250 Light Carrier
Fire Support Elements
Flakvierling Half-track
Pak 38 Mechanized Group
Panzerpioneer Squad
Selects Armored Support Battlegroup
Selects Salvage Kits
Vehicle Survival Package
Construct Mechanized Kompanie
254 Reconnaissance Tractor
StuG III D Assault Gun
Emergency Repair Kits
Rapid Advance
Selects Panzer Storm
Construct Panzerarmee Kommand
(502) Bad Gateway
Max Power
0
0
Comments
sign in to comment!
No comments posted yet!